 Dungeon Crawl Stone Soup version 0.27.1-33-g824d729ab1 (webtiles) character file.

Game seed: 12184813089663095114

55 horus123 the Magician (level 3, -3/19 HPs)
             Began as a Deep Elf Hedge Wizard on Dec 4, 2021.
             Slain by an iguana (8 damage)
             ... on level 4 of the Dungeon.
             The game lasted 00:03:45 (1749 turns).

horus123 the Magician (Deep Elf Hedge Wizard)       Turns: 1749, Time: 00:03:46

Health: -3/19      AC:  6    Str:  7    XL:     3   Next: 67%
Magic:  1/10       EV: 12    Int: 19    God:
Gold:   108        SH:  0    Dex: 14    Spells: 3/10 levels left

rFire    . . .     SeeInvis .   a - +0 dagger
rCold    . . .     Faith    .   (no shield)
rNeg     . . .     Spirit   .   b - +2 robe
rPois    .         Reflect  .   c - +2 hat
rElec    .         Harm     .   (no cloak)
rCorr    .         Rampage  .   (no gloves)
Will     .....                  (no boots)
Stlth    ++........             (no amulet)
HPRegen  0.06/turn              (no ring)
MPRegen  0.12/turn              (no ring)

@: very slightly contaminated
A: no striking features
a: no special abilities


You were on level 4 of the Dungeon.
You visited 1 branch of the dungeon, and saw 3 of its levels.

You collected 108 gold pieces.

Inventory:

Hand Weapons
 a - a +0 dagger (weapon)
 g - a +0 long sword
Armour
 b - a +2 robe (worn)
 c - a +2 hat (worn)
Scrolls
 f - a scroll of amnesia


   Skills:
 - Level 2.4 Dodging
 - Level 2.4 Stealth
 - Level 4.4 Spellcasting
 - Level 3.3 Conjurations
 + Level 2.3 Summonings
 - Level 1.1 Translocations


You had 3 spell levels left.
You knew the following spells:

 Your Spells              Type           Power      Damage    Failure   Level
a - Magic Dart            Conj           68%        1d6       3%          1
b - Slow                  Hex            4%         N/A       21%         2
c - Call Imp              Summ           13%        N/A       8%          2
d - Blink                 Tloc           N/A        N/A       13%         2

Your spell library contained the following spells:

 Spells                   Type           Power      Damage    Failure   Level
 Conjure Flame            Conj/Fire      10%        6-21      21%         3
 Mephitic Cloud           Conj/Pois/Air  8%         N/A       26%         3


Dungeon Overview and Level Annotations

Branches:
Dungeon (2/15)

Altars:


Message History

Confirm with . or Enter, or press ? or * to list all spells.
Aiming: Slow (safe; 21% risk of failure)
Press: ? - help, Shift-Dir - straight line, f - iguana
Aim: an iguana (wandering, hasn't noticed you, chance to affect: 47%)
Okay, then.
Casting: Slow (safe; 21% risk of failure)
Confirm with . or Enter, or press ? or * to list all spells.
You miscast Call Imp.
You are very lightly contaminated with residual magic.
Nothing appears to happen.
Casting: Call Imp (safe; 8% risk of failure)
Confirm with . or Enter, or press ? or * to list all spells.
A beastly little devil appears in a puff of flame.
Casting: Call Imp (safe; 8% risk of failure)
Confirm with . or Enter, or press ? or * to list all spells.
You miscast Call Imp.
Nothing appears to happen.
Casting: Call Imp (safe; 8% risk of failure)
Confirm with . or Enter, or press ? or * to list all spells.
A beastly little devil appears in a puff of flame.
Casting: Call Imp (safe; 8% risk of failure)
Confirm with . or Enter, or press ? or * to list all spells.
A beastly little devil appears in a puff of flame.
The iguana misses your crimson imp.
Your crimson imp blinks! x2
The iguana barely misses you.
Your crimson imp blinks!
Your crimson imp closely misses the iguana.
The iguana bites you.
Your crimson imp hits the iguana.
The iguana bites you!
Ouch! That really hurt!
* * * LOW HITPOINT WARNING * * *
Your crimson imp closely misses the iguana.
Your crimson imp hits the iguana but does no damage.
You swap places.
The iguana barely misses you.
Your crimson imp hits the iguana but does no damage.
Your crimson imp closely misses the iguana.
Your crimson imp blinks! x2
Your crimson imp blinks!
The iguana bites you!
You die...

#.. ... .. ###...
#.## ###......
#..###........
#..#..........
##............
#.5.†.†.......
#####.............
#..@'.............
##5l.#.............
#.5.##.............
#.§.#..............
###############....
.... ... ##


You could see an iguana (ally target) and 3 friendly crimson imps.

Vanquished Creatures
  2 adders
  A dart slug (D:1)
  4 endoplasms
  2 giant cockroaches (D:1)
  5 hobgoblins
  2 jackals (D:1)
  A quokka (D:1)
  A ball python (D:1)
  3 bats (D:1)
  6 frilled lizards
  2 kobolds (D:1)
  5 rats
34 creatures vanquished.

Vanquished Creatures (collateral kills)
  2 jackals (D:1)
2 creatures vanquished.

Grand Total: 36 creatures vanquished

Notes
Turn   | Place    | Note
-------+----------+-------------------------------------------
     0 | D:1      | horus123 the Deep Elf Hedge Wizard began the quest for the
                  | Orb.
     0 | D:1      | Reached XP level 1. HP: 10/10 MP: 7/7
   289 | D:1      | Reached XP level 2. HP: 15/15 MP: 3/9
   412 | D:1      | Learned a level 2 spell: Slow
   415 | D:1      | Learned a level 2 spell: Call Imp
   418 | D:1      | Learned a level 2 spell: Blink
   526 | D:1      | You fall into a shaft and drop 1 floor!
   878 | D:1      | Reached XP level 3. HP: 14/19 MP: 6/10
  1584 | D:2      | Found a faded altar of an unknown god.
  1682 | D:2      | You fall into a shaft and drop 2 floors!
  1749 | D:4      | Slain by an iguana

Illustrated notes

Levels and vault maps discovered:
D:1:      lightli_arrival_maybe_door_vault, layout_basic, minmay_lizard_pond
D:2:      layout_loops_ring, shapermc_ecumenical_altar_mp_highgroup
D:4:      layout_layer_cave, kennysheep_nondescript, uniq_pikel

Skill      XL: |  1  2  3 |
---------------+----------+-----
Conjurations   | 2 3 |  3.3
Summonings     | 2 |  2.3
Dodging        | |  2.4
Stealth        | |  2.4
Spellcasting   | |  4.4
Translocations | |  1.1

Action                   || total
-------------------------++-------
Melee: Long sword        ||     2
       Dagger            ||     1
 Cast: Magic Dart        ||    71
       Call Imp          ||     5
  Use: Scroll            ||     8
 Stab: Sleeping          ||     1
Armor: Robe              ||     4
Dodge: Dodged            ||    11
       Rpst.: Long sword ||     5
